 Dungeon Crawl Stone Soup version 0.17.2-1-ge4368a0 (webtiles) character file.

14 Goblin1989 the Stinger (level 2, 17/19 HPs)
             Began as a Demonspawn Venom Mage on Nov 28, 2017.
             Quit the game on level 1 of the Dungeon.
             The game lasted 00:05:14 (771 turns).

Goblin1989 the Stinger (Demonspawn Venom Mage)       Turns: 771, Time: 00:05:15

Health: 17/19      AC:  2    Str:  8    XL:     2   Next: 31%
Magic:  1/5        EV: 12    Int: 16    God:
Gold:   0          SH:  0    Dex: 13    Spells: 1 memorised, 4 levels left

rFire  . . .     SeeInvis .     g - +0 dagger
rCold  . . .     Clarity  .     a - +0 robe
rNeg   . . .     SustAt   .     (no shield)
rPois  .         Gourm    .     (no helmet)
rElec  .         Spirit   .     (no cloak)
rCorr  .         Warding  .     (no gloves)
rMut   .         Stasis   .     (no boots)
MR     .....                    (no amulet)
Stlth  ++........               (no ring)
                                (no ring)

@: not resistant to hostile enchantments, unstealthy
A: spiny 1
a: no special abilities


You were on level 1 of the Dungeon.
You were not hungry.

You visited 1 branch of the dungeon, and saw 1 of its levels.

Inventory:

Hand Weapons
 g - a +0 dagger (weapon)
Armour
 a - a +0 robe (worn)
Scrolls
 d - a scroll of magic mapping {unknown}
 f - a scroll of immolation {unknown}
Potions
 c - a potion of heal wounds {unknown}
Books
 b - a Young Poisoner's Handbook

   Spells                             Type                      Level
   a - Sting                          Conjuration/Poison           1
   b - Cure Poison                    Poison                       2
   c - Mephitic Cloud                 Conjuration/Poison/Air       3
   d - Olgreb's Toxic Radiance        Poison                       4
   e - Venom Bolt                     Conjuration/Poison           5
Comestibles
 e - a bread ration {@e1}
 h - a meat ration {@e2}
 i - a chunk of flesh
 j - a beef jerky


   Skills:
 - Level 1.7 Dodging
 - Level 1.7 Stealth
 + Level 2.2 Spellcasting
 * Level 1.1 Conjurations
 * Level 4.2 Poison Magic


You had 4 spell levels left.
You knew the following spells:

 Your Spells              Type           Power        Failure   Level  Hunger
a - Sting                 Conj/Pois      ##..         10%         1    #......


Dungeon Overview and Level Annotations

Branches:
Dungeon (1/15)

Altars:


Innate Abilities, Weirdness & Mutations

You are partially covered in sharp spines.


Message History

You have reached level 2!
Your demonic ancestry asserts itself...
Sharp spines emerge from parts of your body.
You now have 0/5 mp.
Casting: Sting
Confirm with . or Enter, or press ? or * to list all spells.
Aiming: Sting
Press: ? - help, Shift-Dir - straight line, f/p - kobold
Aim: a kobold, wielding a club The sting hits the kobold.
The kobold appears unharmed.
You now have 0/5 mp.
Casting: Sting
Confirm with . or Enter, or press ? or * to list all spells.
Aiming: Sting
Press: ? - help, Shift-Dir - straight line, f/p - kobold
Aim: a kobold, wielding a club The sting hits the kobold.
The kobold appears unharmed.
The kobold barely misses you.
You now have 0/5 mp.
There is a staircase leading out of the dungeon here.
The kobold is struck by your spines. The kobold hits you but does no damage.
The kobold is struck by your spines.
You kill the kobold!
You start resting.
Magic restored.
You regained 3 hp, and now have 6/19 hp.
MP restored: 5 You start resting.
All of the chunks of flesh in your inventory have rotted away.
HP restored.
Health restored: 19
Things that are here:
a club; a kobold skeleton A jackal comes into view.
The jackal moves out of view.
You see here a hobgoblin skeleton.
A jackal comes into view.
A jackal comes into view.
Sorry, you're not good enough to have a special ability.
Casting: Sting
Confirm with . or Enter, or press ? or * to list all spells.
Aiming: Sting
Press: ? - help, Shift-Dir - straight line, f - jackal
Aim: a jackal (hasn't noticed you)
The sting hits the jackal.
The jackal appears unharmed.
The jackal barks! x3
You now have 4/5 mp.
You see here a hobgoblin skeleton.
Casting: Sting
Confirm with . or Enter, or press ? or * to list all spells.
Aiming: Sting
Press: ? - help, Shift-Dir - straight line, f/p - jackal
Aim: a jackal The sting hits the jackal.
The jackal is poisoned.
The jackal is severely wounded.
The jackal bites you.
You take 2 damage, and have 17/19 hp.
You now have 3/5 mp.
Casting: Sting
Confirm with . or Enter, or press ? or * to list all spells.
Aiming: Sting
Press: ? - help, Shift-Dir - straight line, f/p - jackal
Aim: a jackal The sting misses the jackal. x2
The jackal barely misses you. x2
You now have 2/5 mp.
Casting: Sting
Confirm with . or Enter, or press ? or * to list all spells.
Aiming: Sting
Press: ? - help, Shift-Dir - straight line, p - jackal The sting hits the jackal.
The jackal appears unharmed.
The jackal is severely wounded.
The jackal is struck by your spines.
You kill the jackal!
You now have 1/5 mp.
Casting: Sting
Confirm with . or Enter, or press ? or * to list all spells.
Aiming: Sting
Press: ? - help, Shift-Dir - straight line, f - jackal
Aim: a jackal The sting hits the jackal.
The jackal is poisoned.
The jackal is severely wounded.
The jackal bites you. The jackal is struck by your spines.
You kill the jackal!
You take 1 damage, and have 16/19 hp.
You now have 0/5 mp.
The jackal closely misses you. The jackal misses you.
Things that are here:
a jackal corpse x2
You miss the jackal. The jackal is struck by your spines.
You kill the jackal!
You see here a jackal corpse.
You butcher the jackal corpse.
i - a chunk of flesh
Okay, then.
You see here a hobgoblin skeleton.
Key pressed, stopping explore.
You spend a moment contemplating the meaning of life.
Saving game... please wait.
Welcome back, Goblin1989 the Demonspawn Venom Mage.
Press ? for a list of commands and other information.
Are you sure you want to abandon this character and quit the game? (Confirm with "yes".)

█...................██...
█................[.....██
█..>.....................
█....^................███
███................█.....
██████...........██████
█...........█
███████..........██
█..†.÷.@.......>.....
█.███████.....███████ █.█
█.....█ █.█ █.....█
███████.█


███████ █.....█.█ █.....█.█ █<......█ █..)..███ There were no monsters in sight!

Vanquished Creatures
  2 giant cockroaches (D:1)
  2 hobgoblins (D:1)
  3 jackals (D:1)
  A kobold (D:1)
  3 goblins (D:1)
  A rat (D:1)
12 creatures vanquished.

Notes
Turn   | Place    | Note
--------------------------------------------------------------
     0 | D:1      | Goblin1989 the Demonspawn Venom Mage began the quest for the Orb.
     0 | D:1      | Reached XP level 1. HP: 13/13 MP: 3/3
   456 | D:1      | Reached skill level 1 in Conjurations
   456 | D:1      | Gained mutation: You are partially covered in sharp spines. [demonic ancestry]
   456 | D:1      | Reached XP level 2. HP: 2/19 MP: 0/5
   771 | D:1      | Quit the game

Action                   || total
-------------------------++-------
Melee: Dagger            ||    14
       Unarmed           ||     2
 Cast: Sting             ||    26

Vault maps used:
D:1:      minmay_arrival_checkered_box
